 Dungeon Crawl Stone Soup version 0.16-a0-3268-g31c7306 (webtiles) character file.

1677 superterranean the Grappler (level 8, -1/88 HPs)
             Began as a Troll Monk on Dec 22, 2014.
             Was a Priest of Wulndraste.
             Shot with an arrow by a centaur (9 damage)
             ... on level 8 of the Dungeon.
             The game lasted 00:14:46 (5413 turns).

superterranean the Grappler (Troll Monk)            Turns: 5413, Time: 00:14:46

Health: -1/88      AC:  5    Str: 20    XL:     8   Next: 70%
Magic:  8/8        EV: 10    Int:  6    God:    Wulndraste [***...]
Gold:   0          SH:  0    Dex: 14    Spells: 0 memorised, 7 levels left

rFire  x . .     SeeInvis .       - Unarmed
rCold  + . .     Clarity  .     a - +0 robe (curse)
rNeg   . . .     SustAb   .     (shield restricted)
rPois  .         Gourm    +     (helmet restricted)
rElec  .         Spirit   .     (no cloak)
rCorr  .         Warding  .     (gloves unavailable)
rMut   .         Stasis   .     (boots unavailable)
MR     .....                    (no amulet)
Stlth  ..........               y - ring of loudness (curse)
                                v - ring of ice

@: lethally poisoned, drained, not resistant to hostile enchantments, extremely
unstealthy
A: unfitting armour, claws 3, fast metabolism 3, gourmand, regeneration 2,
shaggy fur 1, tough skin 2
a: Blend In, Renounce Religion


You were on level 8 of the Dungeon.
You worshipped Wulndraste.
Wulndraste was most pleased with you.
You were near starving.

You visited 2 branches of the dungeon, and saw 9 of its levels.

Inventory:

Armour
 a - a cursed +0 robe (worn)
Jewellery
 v - a ring of ice (left claw)
 y - a cursed ring of loudness (right claw)
Magical devices
 o - a wand of magic darts (8)
 q - a wand of frost (44)
 C - a wand of magic darts (18)
 D - a wand of flame (12)
 F - a wand of flame (29)
Scrolls
 c - 4 scrolls of remove curse {unknown}
 e - 2 scrolls of enchant weapon {unknown}
 h - 2 scrolls of amnesia {unknown}
 i - a scroll of enchant armour {unknown}
 j - 5 scrolls of identify {unknown}
 k - a scroll of random uselessness {unknown}
 m - a scroll of noise {unknown}
 n - a scroll of blinking {unknown}
 p - a scroll of magic mapping {unknown}
 s - a scroll of fear {unknown}
 x - 2 scrolls of summoning {unknown}
 I - 2 scrolls of recharging {unknown}
Potions
 l - 2 potions of cancellation
 r - 2 potions of ambrosia {unknown}
 u - 2 potions of curing
 B - a potion of restore abilities
 G - a potion of mutation {unknown}
 H - a potion of poison {unknown}
 J - a potion of decay {unknown}
Books
 z - a book of Ice

   Spells                             Type                      Level
   a - Ice Form                       Ice/Transmutation            4
   b - Metabolic Englaciation         Hexes/Ice                    5
   c - Ozocubu's Refrigeration        Ice                          6
   d - Bolt of Cold                   Conjuration/Ice              6
   e - Freezing Cloud                 Conjuration/Ice/Air          6
   f - Simulacrum                     Ice/Necromancy               6
 E - a book of Party Tricks

   Spells                             Type                      Level
   a - Summon Butterflies             Summoning                    1
   b - Apportation                    Translocation                1
   c - Tukima's Dance                 Hexes                        3
   d - Alistair's Intoxication        Transmutation/Poison         4
   e - Invisibility                   Hexes                        6
Comestibles
 b - 4 meat rations
 f - a beef jerky
 g - 2 bread rations
 t - 2 slices of pizza
 w - a royal jelly
 K - 2 fruits


   Skills:
 + Level 2.9(2.6) Fighting
 + Level 2.8(2.5) Dodging
 - Level 1.1(0.8) Stealth
 - Level 10.9(10.5) Unarmed Combat
 - Level 3.0(2.7) Invocations


You had 7 spell levels left.
You didn't know any spells.

Dungeon Overview and Level Annotations

Branches:
Dungeon (8/15)             Temple (1/1) D:4
   Lair: D:8-11

Altars:
Ashenzari
Cheibriados
Dithmenos
Elyvilon
Fedhas
Gozag
Kikubaaqudgha
Makhleb
Nemelex Xobeh
Qazlal
Ru
Sif Muna
Trog
Vehumet Wulndraste
Xom
Yredelemnul
Zin
The Shining One

Annotations:
D:8 Maurice


Innate Abilities, Weirdness & Mutations

You are too large for most types of armour.
You have claws for hands.
Your metabolism is lightning-fast.
You like to eat raw meat.
You heal very quickly.
You are covered in fur (AC +1).
You have very tough skin (AC +2).


Message History

You claw the hound!
The hound begins to bleed from its wounds!
The hound is severely wounded.
You feel sick. The hound barely misses you. The worker ant bites you.
* * * LOW HITPOINT WARNING * * *
You are more poisoned.
The worker ant poisons you!
A centaur comes into view.
You feel sick.
The centaur shouts!
The centaur wields a shortbow.
The centaur shoots an arrow.
The arrow barely misses you. The hound bites you.
* * * LOW HITPOINT WARNING * * *
Found 17 gold pieces.
You see here an arrow.
You feel sick. The hound bites you but does no damage.
The worker ant bites you.
* * * LOW HITPOINT WARNING * * *
The centaur shoots an arrow.
The arrow hits you!
You die...

####### ##
##..<..##.c.
##......§.....
#.............
#.............
#..............
#....@(.......$
#...†ha........
#.............
................
.####.....#.....
####.....##
#...#.. #...##
.....


You could see a centaur, a hound (bleeding) and a worker ant.

Vanquished Creatures
  A troll (D:6)
  An orc warrior (D:6)
  4 phantoms
  An ogre (D:7)
  2 giant frogs
  A scorpion (D:8)
  2 goliath beetles (D:7)
  2 crimson imps (D:5)
  A giant frog skeleton (D:6)
  3 hounds
  2 iguanas
  5 orc wizards
  2 worker ants
  A mummy (D:6)
  A gnoll (D:1)
  Robin (D:3)
  10 adders
  A giant mite (D:1)
  3 worms
  An adder skeleton (D:4)
  2 giant geckos
  17 orcs
  2 ball pythons
  16 bats
  7 giant cockroaches
  9 hobgoblins
  12 jackals
  A quokka (D:6)
  A giant gecko skeleton (D:5)
  4 giant newts
  17 goblins
  2 jackal skeletons
  10 kobolds
  A quokka skeleton (D:6)
  11 rats
157 creatures vanquished.

Notes
Turn   | Place    | Note
--------------------------------------------------------------
     0 | D:1      | superterranean, the Troll Monk, began the quest for the Orb.
     0 | D:1      | Reached XP level 1. HP: 22/22 MP: 1/1
    74 | D:1      | Reached XP level 2. HP: 29/29 MP: 1/1
   205 | D:1      | Reached skill level 5 in Unarmed Combat
   205 | D:1      | Reached XP level 3. HP: 16/36 MP: 2/2
   774 | D:2      | Reached XP level 4. HP: 42/44 MP: 2/2
   848 | D:2      | Found a bloodstained altar of Trog.
   849 | D:2      | Found a blossoming altar of Fedhas.
  1100 | D:3      | Reached skill level 6 in Unarmed Combat
  1485 | D:3      | Reached XP level 5. HP: 46/50 MP: 2/2
  1817 | D:4      | Noticed Robin
  1824 | D:3      | Killed Robin
  2049 | D:4      | Reached skill level 7 in Unarmed Combat
  2357 | D:4      | Found a staircase to the Ecumenical Temple.
  2385 | D:4      | Reached XP level 6. HP: 18/59 MP: 3/3
  2387 | Temple   | Entered the Ecumenical Temple
  2461 | Temple   | Became a worshipper of Wulndraste the Wayfarer
  2461 | Temple   | Acquired Wulndraste's first power
  2461 | Temple   | Acquired Wulndraste's second power
  2751 | D:5      | Entered Level 5 of the Dungeon
  2751 | D:5      | Found a sacrificial altar of Ru.
  2849 | D:5      | Reached skill level 8 in Unarmed Combat
  2998 | D:5      | Found a sparkling altar of Nemelex Xobeh.
  3021 | D:5      | Reached XP level 7. HP: 52/72 MP: 3/3
  3337 | D:5      | Reached skill level 9 in Unarmed Combat
  3541 | D:6      | Found a glowing golden altar of the Shining One.
  3642 | D:6      | Found an ancient bone altar of Kikubaaqudgha.
  3835 | D:6      | Noticed a troll
  3900 | D:6      | Killed a troll
  3900 | D:6      | Reached skill level 10 in Unarmed Combat
  4015 | D:6      | Acquired Wulndraste's third power
  4023 | D:6      | Reached XP level 8. HP: 86/88 MP: 3/3
  4728 | D:7      | Found a shimmering altar of Xom.
  4803 | D:7      | Reached skill level 1 in Invocations
  5394 | D:8      | Noticed Maurice
  5413 | D:8      | Shot with an arrow by a centaur

Action                   |  1- 3 |  4- 6 |  7- 9 || total
-------------------------+-------+-------+-------++-------
Melee: Unarmed           |    94 |   196 |   136 ||   426
  Use: Potion            |     1 |     3 |     5 ||     9
 Stab: Sleeping          |       |     1 |       ||     1
  Eat: Chunk             |    11 |    18 |    10 ||    39
       Bread ration      |       |       |     1 ||     1
       Pizza             |       |       |     1 ||     1
